 Dungeon Crawl Stone Soup version 0.17.1-3-g152610e (webtiles) character file.

784 GFox the Magician (level 7, 0/52 HPs)
             Began as a Demonspawn Transmuter on Apr 19, 2016.
             Slain by a hound (6 damage)
             ... on level 5 of the Dungeon.
             The game lasted 00:43:11 (5073 turns).

GFox the Magician (Demonspawn Transmuter)           Turns: 5073, Time: 00:43:11

Health: 0/52       AC:  2    Str: 12    XL:     7   Next: 55%
Magic:  13/13      EV: 22    Int: 15    God:
Gold:   84         SH:  0    Dex: 18    Spells: 3 memorised, 6 levels left

rFire  . . .     SeeInvis .       - Unarmed
rCold  . . .     Clarity  .     (armour currently unavailable)
rNeg   . . .     SustAt   .     (shield currently unavailable)
rPois  x         Gourm    .     (helmet currently unavailable)
rElec  .         Spirit   .     (cloak currently unavailable)
rCorr  .         Warding  .     (gloves currently unavailable)
rMut   .         Stasis   .     (boots currently unavailable)
MR     .....                    (no amulet)
Stlth  ++........               (no ring)
                                p - +1 ring of slaying

@: spider-form (expiring), not resistant to hostile enchantments, unstealthy
A: (talons 0), powered by pain 2, (spiny 0)
a: End Transformation


You were on level 5 of the Dungeon.
You were not hungry.
You were a venomous arachnid creature.
You visited 1 branch of the dungeon, and saw 5 of its levels.

You collected 154 gold pieces.
You spent 70 gold pieces at shops.

Inventory:

Missiles
 a - 49 arrows
Armour
 b - a +2 robe (melded)
Jewellery
 p - a +1 ring of slaying (left front leg)
Scrolls
 f - a scroll of enchant armour
 l - 7 scrolls of identify
 o - 2 scrolls of teleportation
Potions
 j - a potion of agility
 k - a potion of lignification {unknown}
 n - 4 potions of curing
 q - a potion of might
 r - 2 potions of degeneration {unknown}
 s - a potion of cancellation {unknown}
Books
 c - a book of Changes

   Spells                             Type                      Level
   a - Beastly Appendage              Transmutation                1
   b - Sticks to Snakes               Transmutation                2
   c - Spider Form                    Transmutation/Poison         3
   d - Ice Form                       Ice/Transmutation            4
   e - Blade Hands                    Transmutation                5
Comestibles
 d - 3 bread rations
 g - 2 fruits
 h - a meat ration
 i - 2 beef jerkies
 m - a royal jelly


   Skills:
 + Level 3.4 Fighting
 + Level 3.9 Dodging
 + Level 1.1 Stealth
 + Level 3.7 Unarmed Combat
 + Level 4.4 Spellcasting
 + Level 3.4 Transmutations
 + Level 1.2 Poison Magic


You had 6 spell levels left.
You knew the following spells:

 Your Spells              Type           Power        Failure   Level  Hunger
a - Spider Form           Trmt/Pois      ##........   45%         3    ###....
b - Beastly Appendage     Trmt           ##....       14%         1    None
c - Ice Form              Ice/Trmt       #.......     96%         4    ####...


Dungeon Overview and Level Annotations

Branches:
Dungeon (5/15)
 Temple: D:4-7

Altars:
Cheibriados
Dithmenos
Kikubaaqudgha
Zin
The Shining One

Shops:
D:4 %


Innate Abilities, Weirdness & Mutations

((You have sharp toenails.))
You sometimes gain power by taking damage.
((You are partially covered in sharp spines.))


Message History

* * * LOW HITPOINT WARNING * * *
The water moccasin skeleton completely misses you.
You hear a distant slurping noise.
The hound misses you. The hound bites you.
* * * LOW HITPOINT WARNING * * *
The ogre completely misses you. The hound bites you.
* * * LOW HITPOINT WARNING * * *
Drink which item? (? for menu, Esc to quit)
You feel better.
Your transformation is almost over.
The water moccasin skeleton completely misses you.
The hound barely misses you. The ogre hits you with a giant club.
* * * LOW HITPOINT WARNING * * *
You hit the ogre.
The ogre is severely wounded.
The giant gecko bites you.
* * * LOW HITPOINT WARNING * * *
The hound bites you.
You die...

#.... #....# #.....#
###.... #....# #.....####
.?..... #....# #........#
.......##....###.....##.#
....>...................
.........# #.....##.#
#....# #...)###.#
#....######....'....
#.Zs...........###.#
+.hOl......##### #.#
#..........# #.#
#...######## #.#
%........# #.# .........#
#.# .........# #.#
...##....# #.# ... .....#
#..


You could see an ogre, a hound, a giant gecko and a water moccasin skeleton.

Vanquished Creatures
  Eustachio (D:4)
  The ghost of GFox the Skirmisher, an amateur HOAK of Lugonu (D:3)
  An ogre (D:3)
  Blork the orc (D:5)
  A scorpion (D:4)
  An iguana (D:4)
  3 orc wizards (D:4)
  An orc priest (D:4)
  A worker ant (D:4)
  A hound zombie (D:5)
  7 gnolls (D:2)
  2 adders (D:3)
  An adder skeleton (D:5)
  3 worms
  4 giant geckos
  8 orcs
  2 ball pythons
  8 bats
  A giant cockroach (D:2)
  7 goblins
  4 hobgoblins
  9 jackals
  7 kobolds
  3 giant newts (D:3)
  2 quokkas
  5 rats
85 creatures vanquished.

Vanquished Creatures (others)
  An orc (D:4)
1 creature vanquished.

Grand Total: 86 creatures vanquished

Notes
Turn   | Place    | Note
--------------------------------------------------------------
     0 | D:1      | GFox the Demonspawn Transmuter began the quest for the Orb.
     0 | D:1      | Reached XP level 1. HP: 15/15 MP: 3/3
   271 | D:1      | Gained mutation: You have sharp toenails. [demonic ancestry]
   271 | D:1      | Reached XP level 2. HP: 9/21 MP: 5/5
   798 | D:1      | Found a glowing golden altar of the Shining One.
  1137 | D:2      | Found a snail-covered altar of Cheibriados.
  1138 | D:2      | Found a glowing silver altar of Zin.
  1138 | D:2      | Found a glowing golden altar of the Shining One.
  1139 | D:2      | Found an ancient bone altar of Kikubaaqudgha.
  1166 | D:2      | Found a shadowy altar of Dithmenos.
  1470 | D:2      | Gained mutation: You are partially covered in sharp spines. [demonic ancestry]
  1470 | D:2      | Reached XP level 3. HP: 22/26 MP: 3/6
  1726 | D:2      | Reached skill level 3 in Unarmed Combat
  1726 | D:2      | Gained mutation: You sometimes gain a little power by taking damage. [demonic ancestry]
  1726 | D:2      | Reached XP level 4. HP: 28/32 MP: 6/8
  2510 | D:3      | Noticed GFox's ghost (amateur HOAK)
  2531 | D:3      | Killed GFox's ghost
  2531 | D:3      | Reached XP level 5. HP: 23/38 MP: 8/10
  2731 | D:3      | Noticed an ogre
  2742 | D:3      | Killed an ogre
  2742 | D:3      | Reached XP level 6. HP: 9/46 MP: 11/11
  3285 | D:3      | Learned a level 3 spell: Spider Form
  3287 | D:3      | Learned a level 1 spell: Beastly Appendage
  3292 | D:3      | Learned a level 4 spell: Ice Form
  3489 | D:3      | Found a snail-covered altar of Cheibriados.
  3636 | D:4      | Noticed Eustachio
  3656 | D:4      | Killed Eustachio
  3757 | D:4      | Found Ucesat's Food Boutique.
  3761 | D:4      | Bought a royal jelly for 28 gold pieces
  3761 | D:4      | Bought a beef jerky for 21 gold pieces
  3761 | D:4      | Bought a beef jerky for 21 gold pieces
  3852 | D:4      | Reached skill level 4 in Spellcasting
  3852 | D:4      | Reached skill level 1 in Poison Magic
  3852 | D:4      | Gained mutation: You sometimes gain power by taking damage. [demonic ancestry]
  3852 | D:4      | Reached XP level 7. HP: 17/52 MP: 4/13
  3853 | D:4      | HP: 2/52 [worker ant (6)]
  4297 | D:4      | Reached skill level 1 in Stealth
  4845 | D:5      | Entered Level 5 of the Dungeon
  5033 | D:5      | Noticed Blork the orc
  5042 | D:5      | Killed Blork the orc
  5073 | D:5      | Slain by a hound

Action                   |  1- 3 |  4- 6 |  7- 9 || total
-------------------------+-------+-------+-------++-------
Melee: Unarmed           |    98 |   102 |    46 ||   246
 Cast: Beastly Appendage |    16 |    20 |     2 ||    38
       Spider Form       |       |     4 |     6 ||    10
  Use: Potion            |       |     7 |     3 ||    10
       Scroll            |       |     9 |       ||     9
  Eat: Chunk             |     3 |     8 |     1 ||    12
       Bread ration      |       |       |     1 ||     1
       Beef jerky        |       |       |     1 ||     1
